 Dungeon Crawl Stone Soup version 0.28.0-43-g3370ac3207 (webtiles) character file.

Game seed: 15164282480252305951

226 Ablot the Grasshopper (level 6, -3/50 HPs)
             Began as a Gnoll Warper on Mar 21, 2022.
             Slain by an orc
             ... wielding a +0 hand axe
              (7 damage)
             ... on level 3 of the Dungeon.
             The game lasted 00:03:05 (2842 turns).

Ablot the Grasshopper (Gnoll Warper)                Turns: 2842, Time: 00:03:05

Health: -3/50      AC:  4    Str: 12    XL:     6   Next: 1%
Magic:  13/13      EV: 13    Int: 12    God:
Gold:   107        SH:  0    Dex: 12    Spells: 13/15 levels left

rFire   . . .      SeeInvis .   q - +2 dagger (speed)
rCold   . . .      Faith    .   (no shield)
rNeg    . . .      Spirit   .   b - +0 leather armour
rPois   .          Reflect  .   (no helmet)
rElec   .          Harm     .   (no cloak)
rCorr   .          Rampage  .   m - +0 pair of gloves
Will    .....                   (no boots)
Stlth   ++........              (no amulet)
HPRegen 0.16/turn               (no ring)
MPRegen 0.13/turn               (no ring)

@: no status effects
A: fangs 1, strong nose, distributed training
a: no special abilities


You were on level 3 of the Dungeon.
You visited 1 branch of the dungeon, and saw 3 of its levels.

You collected 107 gold pieces.

Inventory:

Hand Weapons
 a - a +0 spear
 q - a +2 dagger of speed (weapon)
Missiles
 d - 5 boomerangs of dispersal
 f - 41 arrows
 i - 11 bolts
 j - 48 stones
 s - 5 poisoned darts (quivered)
Armour
 b - a +0 leather armour (worn)
 m - a +0 pair of gloves (worn)
Jewellery
 o - a ring of fire
Scrolls
 c - a scroll of blinking
 g - 4 scrolls of teleportation {unknown}
 h - 2 scrolls of immolation
 k - a scroll of fog {unknown}
 l - 3 scrolls of identify {unknown}
 p - a scroll of noise {unknown}
 r - a scroll of acquirement {unknown}
Potions
 e - a potion of attraction {unknown}
 n - a potion of degeneration {unknown}
 t - a potion of ambrosia {unknown}


   Skills:
 + Level 4.9 Fighting
 + Level 1.7 Short Blades
 + Level 1.7 Long Blades
 + Level 1.7 Axes
 + Level 1.7 Maces & Flails
 + Level 4.9 Polearms
 + Level 1.7 Staves
 + Level 1.7 Slings
 + Level 1.7 Bows
 + Level 1.7 Crossbows
 + Level 3.1 Throwing
 + Level 3.1 Armour
 + Level 4.9 Dodging
 + Level 1.7 Stealth
 + Level 1.7 Shields
 + Level 1.7 Unarmed Combat
 + Level 5.3 Spellcasting
 + Level 1.3 Conjurations
 + Level 1.3 Hexes
 + Level 1.3 Summonings
 + Level 1.3 Necromancy
 + Level 5.6 Translocations
 + Level 1.3 Transmutations
 + Level 1.3 Fire Magic
 + Level 1.3 Ice Magic
 + Level 1.3 Air Magic
 + Level 1.3 Earth Magic
 + Level 1.3 Poison Magic
 + Level 2.0 Invocations
 + Level 1.7 Evocations


You had 13 spell levels left.
You knew the following spells:

 Your Spells              Type           Power      Damage    Failure   Level
a - Blink                 Tloc           32%        N/A       3%          2

Your spell library contained the following spells:

 Spells                   Type           Power      Damage    Failure   Level
 Gell's Gravitas          Tloc           16%        N/A       8%          3
 Lesser Beckoning         Tloc           16%        N/A       8%          3
 Teleport Other           Tloc           16%        N/A       8%          3
 Manifold Assault         Tloc           16%        N/A       56%         5


Dungeon Overview and Level Annotations

Branches:
Dungeon (3/15)

Altars:


Innate Abilities, Weirdness & Mutations

You have very sharp teeth.
Your uncanny sense of smell can sniff out nearby items.
Your experience applies equally to all skills.


Message History

The orc is heavily wounded.
The orc hits you with a +0 club.
* * * LOW HITPOINT WARNING * * *
You hit the orc.
The orc is heavily wounded.
You barely miss the orc. Your bite misses the orc.
The orc is heavily wounded.
The orc hits you but does no damage.
You hit the orc but do no damage.
The orc is heavily wounded.
You closely miss the orc. You bite the orc, but do no damage.
The orc is heavily wounded.
The orc closely misses you.
You hit the orc.
You kill the orc!
Your Invocations skill increases to level 2!
Unknown command.
Throw: 6 darts (poison)
Press: ? - help, Q - select action, (/) - cycle Shift-Dir - straight line, f - orc
Aim: an orc, wielding a +0 hand axe and wearing a +0 scale mail (64% to hit)
You throw a poisoned dart.
The poisoned dart barely misses the orc.
Unknown command.
You barely miss the orc. The orc misses you.
You closely miss the orc. You barely miss the orc.
You bite the orc, but do no damage. The orc closely misses you.
You closely miss the orc. The orc misses you.
You closely miss the orc. You barely miss the orc.
You bite the orc, but do no damage. The orc hits you with a +0 hand axe.
* * * LOW HITPOINT WARNING * * *
You barely miss the orc. You hit the orc.
The orc is severely wounded.
The orc barely misses you.
You barely miss the orc.
The orc is severely wounded.
The orc hits you with a +0 hand axe!
You die...

#(# #.# #.# #.#
#.# #.# #.# #.#
#.# #o# #.# #@#
###.###.#
######.....#.#
#####...##>#[#.#.#
......#..........#
#...##.#.#.###
##..##.....#
#..####.###
####..# ...#


You could see an orc.

Vanquished Creatures
  A phantom (D:3)
  An orc priest (D:3)
  4 adders (D:3)
  3 worms
  4 dart slugs
  2 orcs (D:3)
  3 bats
  8 endoplasms
  A giant cockroach (D:1)
  4 goblins (D:1)
  3 hobgoblins
  2 quokkas
  11 ball pythons
  4 frilled lizards
  8 kobolds
  5 rats
64 creatures vanquished.

Notes
Turn   | Place    | Note
-------+----------+-------------------------------------------
     0 | D:1      | Ablot the Gnoll Warper began the quest for the Orb.
     0 | D:1      | Reached XP level 1. HP: 20/20 MP: 6/6
     3 | D:1      | Noticed an electric eel
     4 | D:1      | Noticed an electric eel
   343 | D:1      | Reached XP level 2. HP: 25/26 MP: 7/7
   375 | D:1      | Learned a level 2 spell: Blink
   533 | D:1      | Found a faded altar of an unknown god.
   624 | D:1      | Reached XP level 3. HP: 31/31 MP: 9/9
   634 | D:1      | Reached skill level 5 in Spellcasting
  1078 | D:2      | Reached skill level 1 in Invocations
  1555 | D:2      | Reached skill level 1 in Short Blades
  1555 | D:2      | Reached skill level 1 in Long Blades
  1555 | D:2      | Reached skill level 1 in Axes
  1555 | D:2      | Reached skill level 1 in Maces & Flails
  1555 | D:2      | Reached skill level 1 in Staves
  1555 | D:2      | Reached skill level 1 in Slings
  1555 | D:2      | Reached skill level 1 in Bows
  1555 | D:2      | Reached skill level 1 in Crossbows
  1555 | D:2      | Reached skill level 1 in Stealth
  1555 | D:2      | Reached skill level 1 in Shields
  1555 | D:2      | Reached skill level 1 in Unarmed Combat
  1555 | D:2      | Reached skill level 1 in Evocations
  1765 | D:2      | Reached XP level 4. HP: 38/38 MP: 11/11
  2291 | D:3      | Noticed a phantom
  2304 | D:3      | Reached skill level 1 in Conjurations
  2304 | D:3      | Reached skill level 1 in Hexes
  2304 | D:3      | Reached skill level 1 in Summonings
  2304 | D:3      | Reached skill level 1 in Necromancy
  2304 | D:3      | Reached skill level 1 in Transmutations
  2304 | D:3      | Reached skill level 1 in Fire Magic
  2304 | D:3      | Reached skill level 1 in Ice Magic
  2304 | D:3      | Reached skill level 1 in Air Magic
  2304 | D:3      | Reached skill level 1 in Earth Magic
  2304 | D:3      | Reached skill level 1 in Poison Magic
  2326 | D:3      | Killed a phantom
  2327 | D:3      | Reached XP level 5. HP: 8/43 MP: 12/12
  2817 | D:3      | Reached XP level 6. HP: 13/50 MP: 13/13
  2842 | D:3      | Slain by an orc

Illustrated notes

Levels and vault maps discovered:
D:1:      arrival_aquarium_b, layout_basic, hellmonk_ecumenical_altar_blasted
D:2:      layout_loops_cross
D:3:      layout_loops_ring, minmay_fractal_squares_gapless_5, uniq_robin

Skill      XL: |  1  2  3  4  5  6 |
---------------+-------------------+-----
Spellcasting   | 5 |  5.3
Invocations    | 1 2 |  2.0
Short Blades   | 1 |  1.7
Long Blades    | 1 |  1.7
Axes           | 1 |  1.7
Maces & Flails | 1 |  1.7
Staves         | 1 |  1.7
Slings         | 1 |  1.7
Bows           | 1 |  1.7
Crossbows      | 1 |  1.7
Stealth        | 1 |  1.7
Shields        | 1 |  1.7
Unarmed Combat | 1 |  1.7
Evocations     | 1 |  1.7
Conjurations   | 1 |  1.3
Hexes          | 1 |  1.3
Summonings     | 1 |  1.3
Necromancy     | 1 |  1.3
Transmutations | 1 |  1.3
Fire Magic     | 1 |  1.3
Ice Magic      | 1 |  1.3
Air Magic      | 1 |  1.3
Earth Magic    | 1 |  1.3
Poison Magic   | 1 |  1.3
Throwing       | 3 |  3.1
Armour         | 3 |  3.1
Fighting       | |  4.9
Polearms       | |  4.9
Dodging        | |  4.9
Translocations | |  5.6

Action                   |  1- 3 |  4- 6 || total
-------------------------+-------+-------++-------
Melee: Spear             |   125 |       ||   125
       Bite              |     8 |    18 ||    26
       Dagger            |    11 |   156 ||   167
       Whip              |     6 |       ||     6
       Punch             |       |     4 ||     4
Throw: Dart              |       |     1 ||     1
 Stab: Sleeping          |     2 |     1 ||     3
Armor: Leather armour    |    19 |    10 ||    29
Dodge: Dodged            |    58 |    60 ||   118
